 Dungeon Crawl Stone Soup version 0.29-a0-359-g541a27f54d (webtiles) character file.

Game seed: 316088140840683778

8470 avis the Martial Artist (level 11, -11/75 HPs)
             Began as an Octopode Transmuter on Apr 25, 2022.
             Was an Initiate of Gozag.
             Mangled by a boulder beetle (62 damage)
             ... on level 9 of the Dungeon on Apr 27, 2022.
             The game lasted 01:17:59 (10118 turns).

avis the Martial Artist (Octopode Transmuter)      Turns: 10118, Time: 01:17:59

Health: -11/75     AC:  1    Str: 13    XL:     11   Next: 31%
Magic:  26/29      EV: 17    Int: 16    God:    Gozag
Gold:   860        SH:  0    Dex: 13    Spells: 0/22 levels left

rFire   x . .      SeeInvis .     - Unarmed
rCold   + . .      Faith    .   (shield currently unavailable)
rNeg    . . .      Spirit   .   f - +0 hat
rPois   .          Reflect  .   l - amulet of regeneration
rElec   .          Harm     .   i - +4 ring of evasion
rCorr   .          Rampage  .   v - ring of magical power
Will    .....                   t - ring of ice
Stlth   ++++......              (no ring)
HPRegen 1.02/turn               (no ring)
MPRegen 0.21/turn               (no ring)
                                (no ring)
                                (no ring)

@: brilliant, blade tentacles, hasted, very quick
A: almost no armour, amphibious, 8 rings, camouflage 1, gelatinous body 1,
(nimble swimmer 1), tentacles
a: End Transformation, Renounce Religion, Potion Petition, Call Merchant, Bribe
Branch


You were on level 9 of the Dungeon.
You worshipped Gozag.
Gozag was pleased with you.
You had blades for main tentacles.
You visited 2 branches of the dungeon, and saw 10 of its levels.
You also visited: Bailey.

You collected 1562 gold pieces.
You paid 702 gold pieces to Gozag.

Inventory:

Hand Weapons
 a - the +9 quarterstaff of Beloved Blind Justice (melded) {flame, Int+3}
   (You found it on level 3 of the Dungeon)

   It burns those it strikes, dealing additional fire damage.
   Int:       It affects your intelligence (+3).
 y - a +3 halberd
 C - a +3 dagger
Missiles
 c - 7 poisoned darts
 n - a curare-tipped dart
 M - 8 boomerangs
Armour
 f - a +0 hat (worn)
 j - a +0 buckler
Magical Staves
 s - a staff of cold
Jewellery
 i - a +4 ring of evasion (left blade tentacle)
 l - an amulet of regeneration (around mantle)
 t - a ring of ice (on tentacle)
 v - a ring of magical power (right blade tentacle)
Wands
 w - a wand of polymorph (11)
 D - a wand of acid (12)
 J - a wand of iceblast (6)
Scrolls
 e - 2 scrolls of immolation {unknown}
 g - 4 scrolls of fear {unknown}
 m - 5 scrolls of teleportation
 o - 2 scrolls of enchant armour {unknown}
 q - 3 scrolls of enchant weapon {unknown}
 u - a scroll of noise {unknown}
 z - 2 scrolls of vulnerability {unknown}
 E - 2 scrolls of brand weapon {unknown}
 G - a scroll of blinking {unknown}
 I - a scroll of torment {unknown}
 K - a scroll of summoning {unknown}
Potions
 b - 3 potions of curing
 d - a potion of ambrosia {unknown}
 k - 3 potions of haste
 p - a potion of berserk rage
 r - a potion of might {unknown}
 x - 5 potions of cancellation
 A - a potion of brilliance {unknown}
 B - 3 potions of lignification
 F - 2 potions of heal wounds
 H - 3 potions of flight
 L - a potion of degeneration {unknown}
 N - a potion of resistance {unknown}
Miscellaneous
 h - a tin of tremorstones (2/2)


   Skills:
 - Level 7.0 Fighting
 - Level 3.0 Dodging
 - Level 5.0 Stealth
 * Level 10.4 Unarmed Combat
 - Level 6.0 Spellcasting
 - Level 9.0 Transmutations
 - Level 4.0 Ice Magic
 - Level 2.0 Poison Magic


You couldn't memorise any spells.
You knew the following spells:

 Your Spells              Type           Power      Damage    Failure   Level
a - Beastly Appendage     Tmut           100%       N/A       11%         1
b - Blink                 Tloc           14%        N/A       63%         2
e - Wereblood             Tmut           50%        N/A       12%         2
p - Spider Form           Tmut/Pois      33%        N/A       30%         3
q - Ice Form              Ice/Tmut       55%        N/A       45%         4
B - Blade Hands           Tmut           25%        N/A       45%         5
M - Manifold Assault      Tloc           7%         N/A       100%        5

Your spell library contained the following spells:

 Spells                   Type           Power      Damage    Failure   Level
 Frozen Ramparts          Ice            78%        1d9       41%         3
 Animate Skeleton         Necr           14%        N/A       54%         1
 Pain                     Necr           28%        1d5       54%         1
 Call Canine Familiar     Summ           7%         N/A       80%         3
 Lesser Beckoning         Tloc           7%         N/A       80%         3
 Portal Projectile        Hex/Tloc       14%        N/A       80%         3
 Vampiric Draining        Necr           7%         2d6       80%         3
 Summon Ice Beast         Ice/Summ       25%        N/A       88%         4
 Leda's Liquefaction      Hex/Erth       3%         N/A       98%         4
 Excruciating Wounds      Necr           3%         N/A       100%        5


Dungeon Overview and Level Annotations

Branches:
Dungeon (9/15)             Temple (1/1) D:5          Bailey (visited)
   Lair: D:8-11         Orc: D:9-12

Altars:
Ashenzari
Cheibriados
Dithmenos
Elyvilon
Fedhas
Gozag
Hepliaklqana
Kikubaaqudgha
Makhleb
Nemelex Xobeh
Okawaru
Qazlal
Ru
Sif Muna
Trog
Uskayaw
Vehumet
Wu Jian
Xom
Yredelemnul
Zin
The Shining One

Shops:
D:4 *

Annotations:
D:9 2 runed translucent doors, exclusion: orange crystal statue


Innate Abilities, Weirdness & Mutations

You have blades for main tentacles.
Your spellcasting is less reliable in this form.
You are incapable of wielding weapons or throwing items.
You cannot wear most types of armour.
You are amphibious.
You can wear up to eight rings at the same time.
Your skin changes colour to match your surroundings (Stealth+).
Your rubbery body absorbs attacks. (AC +1, EV +1)
((You are camouflaged when in or above water. (Stealth+)))
You have tentacles for arms and can constrict up to eight enemies at once.


Message History

You now have 1498 gold pieces (gained 6).
Things that are here:
a +0 short sword; a +0 chain mail Your transformation is almost over.
Found a scroll labelled FURAUH LITECI.
Your main tentacles revert to their normal proportions.
The +9 quarterstaff of Beloved Blind Justice {flame, Int+3} unmelds from your body.
The +9 quarterstaff of Beloved Blind Justice {flame, Int+3} bursts into flame!
K - a scroll labelled FURAUH LITECI You open the door.
There is an open door here.
You open the door.
There is an open door here.
A boulder beetle comes into view.
Casting: Blade Hands (dangerous; 8% risk of failure)
Confirm with . or Enter, or press ? or * to list all spells.
Your main tentacles turn into razor-sharp scythe blades.
The +9 quarterstaff of Beloved Blind Justice {flame, Int+3} melds into your body.
The +9 quarterstaff of Beloved Blind Justice {flame, Int+3} stops flaming.
The boulder beetle curls into a ball and begins rolling!
The boulder beetle hits you!!!
Ouch! That really hurt!
* * * LOW HITPOINT WARNING * * *
The boulder beetle stops rolling and uncurls.
You slice the boulder beetle!!
The boulder beetle is moderately wounded. [a] - 638 gold - heal wounds, curing, haste and brilliance [b] - 644 gold - resistance, might, haste and brilliance [c] - 250 gold - haste Purchase which effect?
You feel much better.
You feel better.
You feel yourself speed up.
You feel clever all of a sudden.
The boulder beetle leaps!
The boulder beetle curls into a ball and begins rolling!
You slash the boulder beetle!
The boulder beetle is moderately wounded.
The boulder beetle hits you!!!
Ouch! That really hurt!
You die...
Your body crumbles into a pile of gold.

#....# #...##.
#....# #...##<
#....# #.#.##.
#.°.. #.#.##.
#..°########.#.##.
#.°.#........#.###
#°..#..........#
#B..#..........#
#@..#........_.#
#...#..........#
#...#......))).#
#...#........#.#
#...#........#.#
##'###........#.#
#.....#######.#.#
#.....#.........#
#.....#.........#


You could see a boulder beetle (rolling).

Vanquished Creatures
  Pikel (D:7)
  A deep elf pyromancer (Bailey)
  An orc knight (Bailey)
  A gargoyle (D:5)
  Maggie (D:7)
  A troll (D:9)
  Grinder (D:3)
  A hornet (D:9)
  Sigmund (D:3)
  A wyvern (D:9)
  9 yaks
  Edmund (D:6)
  A water moccasin (D:7)
  10 orc warriors
  2 ice beasts
  2 black bears
  4 ogres
  A centaur (D:6)
  A lemure (D:7)
  2 kobold brigands (D:6)
  A gnoll sergeant (D:6)
  2 bullfrogs
  3 necrophages
  A scorpion (D:5)
  12 wights
  7 killer bees
  3 orc priests
  A jelly (D:5)
  7 hounds
  Ijyb (D:3)
  Natasha (thrice) (D:3)
  6 iguanas
  8 orc wizards
  5 gnolls (D:6)
  9 adders
  A shadow imp (D:8)
  A white imp (D:5)
  An ufetubus (D:5)
  3 worms
  2 dart slugs (D:2)
  32 orcs
  7 ball pythons
  4 endoplasms
  4 giant cockroaches
  9 goblins
  7 hobgoblins
  5 jackals
  3 quokkas
  11 bats
  4 frilled lizards
  14 kobolds
  6 rats
226 creatures vanquished.

Notes
Turn   | Place    | Note
-------+----------+-------------------------------------------
     0 | D:1      | avis the Octopode Transmuter began the quest for the Orb.
     0 | D:1      | Reached XP level 1. HP: 13/13 MP: 3/3
    76 | D:1      | Reached skill level 1 in Stealth
   141 | D:1      | Reached XP level 2. HP: 16/19 MP: 3/5
   330 | D:1      | Found a faded altar of an unknown god.
   508 | D:1      | Reached XP level 3. HP: 24/24 MP: 4/6
   930 | D:2      | Learned a level 3 spell: Spider Form
  1120 | D:2      | Reached skill level 1 in Poison Magic
  1227 | D:2      | Reached XP level 4. HP: 24/29 MP: 2/7
  1699 | D:3      | Noticed Ijyb
  1710 | D:3      | Killed Ijyb
  1711 | D:3      | Reached XP level 5. HP: 36/36 MP: 8/8
  1876 | D:3      | Noticed Grinder
  1950 | D:3      | Noticed Natasha
  1983 | D:3      | Killed Natasha
  2143 | D:3      | Found a hide-covered altar of Uskayaw.
  2274 | D:3      | Noticed Natasha
  2310 | D:3      | Killed Natasha
  2447 | D:3      | Noticed Sigmund
  2459 | D:3      | Killed Sigmund
  2460 | D:3      | Reached skill level 4 in Unarmed Combat
  2460 | D:3      | Reached XP level 6. HP: 33/42 MP: 10/10
  2503 | D:3      | Identified the +9 quarterstaff of Beloved Blind Justice
                  | {flame, Int+3}
  2592 | D:3      | Killed Grinder
  2593 | D:3      | Reached skill level 5 in Unarmed Combat
  2593 | D:3      | Reached XP level 7. HP: 17/46 MP: 12/12
  2894 | D:3      | Learned a level 4 spell: Ice Form
  3027 | D:3      | Noticed Natasha
  3037 | D:3      | Killed Natasha
  3085 | D:4      | Found Hyuleor's Assorted Antiques.
  3094 | D:4      | Reached skill level 1 in Ice Magic
  3347 | D:4      | Learned a level 2 spell: Wereblood
  3851 | D:5      | Entered Level 5 of the Dungeon
  4011 | D:5      | Found a staircase to the Ecumenical Temple.
  4026 | Temple   | Entered the Ecumenical Temple
  4576 | Temple   | Became a worshipper of Gozag Ym Sagoz the Greedy
  4611 | D:5      | Reached XP level 8. HP: 18/52 MP: 14/14
  4896 | D:5      | Reached skill level 5 in Transmutations
  5109 | D:5      | Reached skill level 5 in Stealth
  5190 | D:5      | Reached skill level 6 in Unarmed Combat
  5289 | D:5      | Reached XP level 9. HP: 55/58 MP: 15/15
  5306 | D:5      | Reached skill level 7 in Unarmed Combat
  5331 | D:5      | Found the +3 giant club "Skullcrusher" {speed, Str+7}
  5331 | D:5      | Noticed a gargoyle
  5356 | D:5      | Killed a gargoyle
  5357 | D:5      | Reached skill level 5 in Spellcasting
  5357 | D:5      | Reached skill level 5 in Fighting
  5407 | D:5      | Learned a level 5 spell: Blade Hands
  5532 | D:5      | Found a basalt altar of Yredelemnul.
  5586 | D:5      | Found a white marble altar of Elyvilon.
  6001 | D:6      | Noticed Edmund
  6018 | D:6      | Killed Edmund
  6157 | D:6      | Found a glowing golden altar of the Shining One.
  6772 | D:6      | Found an ancient bone altar of Kikubaaqudgha.
  6959 | D:7      | Found a flagged portal.
  6980 | Bailey   | Entered a bailey
  7197 | Bailey   | Noticed an orc knight
  7244 | Bailey   | Reached XP level 10. HP: 43/66 MP: 19/19
  7296 | Bailey   | Killed an orc knight
  7410 | Bailey   | Found a large runed translucent door.
  7410 | Bailey   | Found a large runed translucent door.
  7411 | Bailey   | Noticed a deep elf pyromancer
  7440 | Bailey   | Killed a deep elf pyromancer
  7617 | D:7      | Noticed Maggie
  7655 | D:7      | Killed Maggie
  7721 | D:7      | Reached skill level 8 in Unarmed Combat
  7975 | D:7      | Noticed Pikel
  7984 | D:7      | Killed Pikel
  7985 | D:7      | Reached skill level 9 in Unarmed Combat
  8248 | Temple   | Upgraded the game from 0.29-a0-356-g7bc237e783 to
                  | 0.29-a0-359-g541a27f54d
  8251 | Temple   | Learned a level 2 spell: Blink
  8419 | D:8      | Reached XP level 11. HP: 70/72 MP: 20/20
  8691 | D:8      | Reached skill level 10 in Unarmed Combat
  9251 | Temple   | Learned a level 5 spell: Manifold Assault
  9372 | D:9      | Found an iron altar of Okawaru.
  9447 | D:9      | Found a bloodstained altar of Trog.
  9483 | D:9      | HP: 1/74 [troll (15)]
  9561 | D:9      | Found a broken altar of Ashenzari.
  9722 | D:9      | Found a runed translucent door.
  9750 | D:9      | Found the +10 tower shield of Ignorance {rN+ Int-4}
  9753 | D:9      | Noticed an orange crystal statue
  9791 | D:9      | Found a runed translucent door.
  9925 | D:9      | Found a sacrificial altar of Ru.
 10005 | D:9      | Found a radiant altar of Vehumet.
 10062 | D:9      | Found a glowing silver altar of Zin.
 10107 | D:9      | Noticed a boulder beetle
 10118 | D:9      | Mangled by a boulder beetle

Illustrated notes

Levels and vault maps discovered:
D:1:      psy_arrival_conway, layout_basic,
          shapermc_ecumenical_altar_mp_highgroup, kennysheep_decorative_pillar,
          serial_park_tiny_1
D:2:      layout_loops_cross
D:3:      layout_basic, old_standard_altar, uniq_grinder, uniq_natasha,
          uniq_sigmund, uniq_ijyb
D:4:      layout_loops_ring, serial_shops, nicolae_stop_n_shop_2,
          chequers_arboretum
D:5:      kennysheep_windowed_halls, layout_loops_ring, kennysheep_ying_yang,
          minmay_temple_entry_sparse_star
D:6:      layout_loops_corners, lemuel_coloured_pillars_altar,
          nicolae_tso_swordbearing_angel, hex_tiny, uniq_edmund
D:7:      layout_loops_ring, enter_bailey_3, minmay_circle_x, uniq_pikel,
          uniq_maggie
D:8:      layout_loops_ring, grunt_ministairs_7
D:9:      layout_gridville, marbit_many_paths, mainiacjoe_overflow_boulevard,
          mainiacjoe_overflow_cross_hatched, amcnicky_altar_gilded,
          vehumet_crystals, ashenzari_conservatory_becter,
          chequers_guarded_unrand_ignorance
Temple:   chequers_temple_sunken

Skill      XL: |  1  2  3  4  5  6  7  8  9 10 11 |
---------------+----------------------------------+-----
Stealth        | 1 2 5 |  5.0
Fighting       | 2 3 4 5 6 7 |  7.0
Transmutations | 3 4 5 7 9 |  9.0
Poison Magic   | 1 2 |  2.0
Spellcasting   | 3 4 6 |  6.0
Unarmed Combat | 4 5 6 7 9 10 | 10.4
Ice Magic      | 4 |  4.0
Dodging        | 3 |  3.0

Action                   |  1- 3 |  4- 6 |  7- 9 | 10-12 || total
-------------------------+-------+-------+-------+-------++-------
Melee: Unarmed           |    78 |    61 |   205 |   148 ||   492
       Constrict         |    21 |     8 |    16 |    26 ||    71
       Kick              |    15 |     7 |    20 |     2 ||    44
       Tentacles         |    11 |     3 |    14 |    32 ||    60
       Punch             |     1 |       |     3 |    11 ||    15
       Quarterstaff      |       |     5 |    70 |     8 ||    83
 Cast: Beastly Appendage |    28 |     7 |    26 |     1 ||    62
       Spider Form       |     1 |    13 |    21 |     1 ||    36
       Ice Form          |       |       |     5 |     1 ||     6
       Blade Hands       |       |       |       |    23 ||    23
       Blink             |       |       |       |     1 ||     1
Invok: Potion Petition   |       |       |       |     1 ||     1
 Abil: End Transformatio |       |       |     2 |       ||     2
  Use: Scroll            |     2 |       |     6 |     2 ||    10
       Potion            |       |       |       |     2 ||     2
 Stab: Sleeping          |     8 |     8 |    12 |     5 ||    33
       Distracted        |       |       |     2 |     2 ||     4
Armor: Skin              |     7 |     2 |    12 |     5 ||    26
Dodge: Dodged            |    51 |    33 |   232 |    89 ||   405

Table legend: (Time is in decaauts)
 A = Elapsed time spent in this place.
 B = Non-inter-level travel time spent in this place.
 C = Inter-level travel time spent in this place.
 D = Time resting spent in this place.
 E = Time spent auto-exploring this place.
 F = Levels seen in this place.
 G = Mean time per level.
                   A        B        C        D        E       F      G
               +--------+--------+--------+--------+--------+-----+--------+
         Total |  10112 |   9072 |   1040 |    842 |   4972 |  11 |  919.3 |
       Dungeon |   8953 |   7936 |   1017 |    758 |   4462 |   9 |  994.8 |
        Temple |    605 |    582 |     23 |      0 |    510 |   1 |  605.0 |
        Bailey |    553 |    553 |      0 |     84 |      0 |   1 |  553.0 |
               +--------+--------+--------+--------+--------+-----+--------+

Top non-repeatable levels by time:
     D:6: 1303 daAuts
     D:5: 1300 daAuts
     D:3: 1199 daAuts
     D:2: 1018 daAuts
     D:4: 882 daAuts
     D:7: 881 daAuts
     D:1: 845 daAuts
     D:8: 763 daAuts
     D:9: 758 daAuts
  Temple: 605 daAuts
  Bailey: 553 daAuts
